 Dungeon Crawl Stone Soup version 0.30-a0-586-g23e55c9e0a (webtiles) character file.

Game seed: 15261060012875254021

683 tilp the Slasher (level 8, 0/67 HPs)
             Began as a Meteoran Fighter on Jan 3, 2023.
             Slain by a kobold brigand
             ... wielding a +1 dagger of venom
              (2 damage)
             ... in a sewer.
             The game lasted 00:04:38 (845 turns).

tilp the Slasher (Meteoran Fighter)                  Turns: 845, Time: 00:04:39

Health: 0/67       AC:  7    Str: 18    XL:     8   Next: 15%
Magic:  9/9        EV: 11    Int:  9    God:
Gold:   25         SH:  5    Dex: 16    Spells: 7/7 levels left

rFire   . . .      SeeInvis .    a - +1 long sword
rCold   . . .      Faith    .    c - +0 buckler
rNeg    . . .      Spirit   .    b - +0 scale mail
rPois   .          Reflect  .    (no helmet)
rElec   .          Harm     .    (no cloak)
rCorr   .          Rampage  .    (no gloves)
Will    +....                    (no boots)
Stlth   +                        (no amulet)
HPRegen 0.31/turn                (no ring)
MPRegen 0.11/turn                (no ring)

@: lethally poisoned (0 -> -22), glowing
A: sense surroundings 1, otherworldly, glowing, explore regen
a: no special abilities


You were in a sewer.
You visited 1 branch of the dungeon, and saw 5 of its levels.
You also visited: Sewer.

You collected 25 gold pieces.

Inventory:

Hand Weapons
 a - a +1 long sword (weapon)
Missiles
 f - 20 stones (quivered)
 i - 11 poisoned darts
Armour
 b - a +0 scale mail (worn)
 c - a +0 buckler (worn)
Scrolls
 e - 3 scrolls of identify
 g - a scroll of acquirement {unknown}
 j - a scroll of brand weapon {unknown}
 k - a scroll of enchant armour {unknown}
Potions
 d - a potion of curing
 h - a potion of heal wounds {unknown}
 l - a potion of experience {unknown}


   Skills:
 + Level 4.6 Fighting
 + Level 4.8 Long Blades
 + Level 2.2 Throwing
 + Level 4.7 Armour
 + Level 4.7 Dodging
 + Level 2.6 Stealth
 - Level 4.0 Shields


You had 7 spell levels left.
You didn't know any spells.
Your spell library was empty.

Dungeon Overview and Level Annotations

Branches:
Dungeon (5/15) Zot: 2486    Sewer (1/1) Zot: 123
 Temple: D:4-7

Altars:
Gozag

Annotations:
D:4 2 transporters, Dominolapin's ghost, amateur HuRe


Innate Abilities, Weirdness & Mutations

You passively map a small area around you.
You are easily found by Zot.
You glow in the dark.
You regain HP and MP as you explore.


Message History

The adder is severely wounded.
You block the adder's attack. x2
You slash the adder!
You kill the adder!
The kobold brigand hits you but does no damage.
You are poisoned.
Your unstable footing causes you to fumble your attack.
You feel very sick.
The kobold brigand hits you with a +1 dagger of venom.
You are more poisoned.
Your unstable footing causes you to fumble your attack.
You feel very sick.
The kobold brigand hits you with a +1 dagger of venom.
You are more poisoned.
You feel extremely sick.
The kobold brigand hits you with a +1 dagger of venom!
You are more poisoned.
The kobold brigand splashes around in the water.
You hit the kobold brigand.
The kobold brigand is lightly wounded.
You feel extremely sick.
The kobold brigand hits you but does no damage.
You are lethally poisoned!
You closely miss the kobold brigand.
The kobold brigand is lightly wounded.
* * * LOW HITPOINT WARNING * * *
You feel extremely sick.
The kobold brigand splashes around in the water.
You barely miss the kobold brigand.
The kobold brigand is lightly wounded.
* * * LOW HITPOINT WARNING * * *
You feel extremely sick.
The kobold brigand hits you with a +1 dagger of venom.
* * * LOW HITPOINT WARNING * * *
You are more poisoned.
You barely miss the kobold brigand.
* * * LOW HITPOINT WARNING * * *
You feel extremely sick.
The kobold brigand hits you with a +1 dagger of venom.
You die...

#########
#.#.#.#.#
#~#~#~#~#
#~#~#~#~#
#)#~#~#~#
*
#~.~#@K.#
,
##.###~##
#~# #~#
#~###~# *
* #~~~~~#
~ ##~~~##
* #~~.#
#.~~#
#...## ~
~


You could see a kobold brigand.

Vanquished Creatures
  Grinder (D:4)
  Eustachio (D:4)
  3 kobold brigands (Sewer)
  An iguana (D:4)
  2 gnolls (D:4)
  6 adders
  3 worms (Sewer)
  3 orcs (D:4)
  2 endoplasms
  2 giant cockroaches (D:4)
  2 quokkas
  6 ball pythons
  A bat (D:2)
  A frilled lizard (D:3)
  6 kobolds
  5 rats (Sewer)
45 creatures vanquished.

Notes
Turn   | Place    | Note
-------+----------+-------------------------------------------
     0 | D:1      | tilp the Meteoran Fighter began the quest for the Orb.
     0 | D:1      | Reached XP level 1. HP: 19/19 MP: 2/2
    86 | D:3      | Reached skill level 1 in Dodging
    86 | D:3      | Reached XP level 2. HP: 12/26 MP: 3/3
    89 | D:3      | Found an opulent altar of Gozag.
   132 | D:4      | Reached XP level 3. HP: 8/31 MP: 4/4
   136 | D:5      | Entered Level 5 of the Dungeon
   136 | D:5      | Noticed a two-headed ogre
   136 | D:5      | Noticed a water moccasin
   148 | D:4      | Noticed Grinder
   160 | D:4      | Killed Grinder
   161 | D:4      | Reached XP level 4. HP: 29/40 MP: 5/5
   161 | D:4      | Reached XP level 5. HP: 33/46 MP: 6/6
   161 | D:4      | Reached XP level 6. HP: 37/52 MP: 7/7
   212 | D:4      | Found a transporter.
   214 | D:4      | Noticed Dominolapin's ghost (amateur HuRe)
   329 | D:4      | Found a transporter.
   368 | D:4      | Noticed Eustachio
   418 | D:4      | Killed Eustachio
   419 | D:4      | Reached skill level 1 in Throwing
   419 | D:4      | Reached XP level 7. HP: 40/59 MP: 8/8
   466 | D:4      | Found a glowing drain.
   480 | Sewer    | Entered a sewer
   654 | Sewer    | Reached XP level 8. HP: 41/67 MP: 9/9
   845 | Sewer    | HP: 2/67 [poisoned by a kobold brigand]
   845 | Sewer    | Slain by a kobold brigand

Illustrated notes

Levels and vault maps discovered:
D:1:      ldierk_walled_garden_2, layout_loops_ring, roderic_nine_men_s_morris
D:2:      layout_loops_corners
D:3:      kennysheep_six_static_rooms, layout_loops_ring,
          grunt_temple_overflow_open, kennysheep_pointless_box
D:4:      layout_basic, mainiacjoe_overflow_concentric_impassable,
          cheibrodos_sewer_entry_sluice, gammafunk_ghost_mausoleum,
          feat_on_display, uniq_grinder, uniq_eustachio
D:5:      layout_loops_ring
Sewer:    sewer_co_tree

Skill      XL: |  1  2  3  4  5  6  7  8 |
---------------+-------------------------+-----
Dodging        | 1 3 4 |  4.7
Fighting       | 4 |  4.6
Long Blades    | 3 4 |  4.8
Armour         | 4 |  4.7
Stealth        | 2 |  2.6
Shields        | 4 |  4.0
Throwing       | 1 2 |  2.2

Action                   |  1- 3 |  4- 6 |  7- 9 || total
-------------------------+-------+-------+-------++-------
Melee: Long sword        |    39 |    57 |   107 ||   203
Throw: Stone             |     1 |     1 |       ||     2
  Use: Scroll            |     1 |     2 |       ||     3
       Potion            |     1 |       |       ||     1
Armor: Scale mail        |    29 |    27 |    25 ||    81
Dodge: Dodged            |     8 |    32 |    32 ||    72
Block: Buckler           |    10 |    16 |    24 ||    50

Table legend: (Time is in decaauts)
 A = Elapsed time spent in this place.
 B = Non-inter-level travel time spent in this place.
 C = Inter-level travel time spent in this place.
 D = Time resting spent in this place.
 E = Time spent auto-exploring this place.
 F = Levels seen in this place.
 G = Mean time per level.
                   A        B        C        D        E       F      G
               +--------+--------+--------+--------+--------+-----+--------+
         Total |    988 |    968 |     20 |      0 |      0 |   6 |  164.7 |
       Dungeon |    513 |    493 |     20 |      0 |      0 |   5 |  102.6 |
         Sewer |    474 |    474 |      0 |      0 |      0 |   1 |  474.0 |
               +--------+--------+--------+--------+--------+-----+--------+

Top non-repeatable levels by time:
   Sewer: 474 daAuts
     D:4: 344 daAuts
     D:3: 91 daAuts
     D:2: 56 daAuts
     D:1: 13 daAuts
     D:5: 7 daAuts
